 Dungeon Crawl Stone Soup version 0.14-a0-1330-g3eed206 (webtiles) character file.

283 4tharraofdagon the Poker (level 4, 0/37 HPs)
             Began as a Centaur Gladiator on Dec 6, 2013.
             Slain by 4tharraofdagon's ghost (11 damage)
             ... on Level 3 of the Dungeon.
             The game lasted 00:04:54 (1127 turns).

4tharraofdagon the Poker (Centaur Gladiator)        Turns: 1127, Time: 00:04:55

HP   0/37        AC  5     Str 19      XL: 4   Next: 33%
MP   3/3         EV  9     Int  7      God:
Gold 192         SH  0     Dex  9      Spells:  0 memorised,  3 levels left

rFire  + . .     SeeInvis .     a - +0 trident
rCold  . . .     Clarity  .     b - +0 leather armour
rNeg   + . .     Conserve .     (no shield)
rPois  .         rCorr    .     c - +0 helmet
rElec  .         rRot     .     (no cloak)
SustAb . .       Spirit   .     (no gloves)
rMut   .         Warding  .     (no barding)
Saprov . . .     Stasis   .     (no amulet)
                                y - ring of positive energy {unknown}
                                e - ring of protection from fire {unknown}

@: very quick, slightly resistant to hostile enchantments, extremely unstealthy
A: hooves 3, deformed body, herbivore 1, speed 2, fast metabolism 1, tough skin
3
a: no special abilities


You were on level 3 of the Dungeon.
You were hungry.

You visited 1 branch of the dungeon, and saw 4 of its levels.

You collected 192 gold pieces.

Inventory:

Hand weapons
 a - a +0,+0 trident (weapon)
 k - a +1,+2 mace of crushing
Missiles
 d - 2 throwing nets (quivered)
 B - a throwing net [frayed]
Armour
 b - a +0 leather armour (worn)
 c - a +0 helmet (worn)
 w - a +0 shield
 A - a +0 dwarven shield
Comestibles
 f - 4 bread rations
 g - a pear
 q - 2 meat rations
Scrolls
 i - 3 scrolls of remove curse {unknown}
 m - a scroll of random uselessness {unknown}
 n - a scroll of fog {unknown}
 o - 2 scrolls of blinking {unknown}
 p - a scroll of fear {unknown}
 r - a scroll of curse weapon {unknown}
 t - a scroll of enchant weapon I {unknown}
 u - a scroll of identify {unknown}
 v - a scroll of curse jewellery {unknown}
Jewellery
 e - a ring of protection from fire (left hand) {unknown}
 y - a ring of positive energy (right hand) {unknown}
Potions
 h - 2 potions of curing
 j - a potion of lignification {unknown}
 l - 2 potions of poison {unknown}
 s - a potion of agility {unknown}
 x - a potion of resistance {unknown}
 z - a potion of degeneration {unknown}


   Skills:
 + Level 2.6 Fighting
 * Level 3.9 Polearms
 - Level 2.6 Throwing
 + Level 1.2 Armour
 - Level 2.1 Dodging


You had 3 spell levels left.
You didn't know any spells.

Dungeon Overview and Level Annotations

Branches:
Dungeon (4/16)
 Temple: D:4-7

Altars:
Fedhas

Shops:
D:4 =(

Annotations:
D:3 4tharraofdagon's ghost, weakling CeGl
D:4 shugdite's ghost, weakling MiFi


Innate Abilities, Weirdness & Mutations

You have hooves in place of feet.
Armour fits poorly on your strangely shaped body.
You digest meat inefficiently.
You cover ground very quickly.
You have a fast metabolism.
You have extremely tough skin (AC +3).


Message History

You feel better.
It was a potion of curing.
The rat barely misses you. 4tharraofdagon's ghost hits you but does no damage.
You open the door. 4tharraofdagon's ghost closely misses you.
The rat barely misses you.
Unknown command.
There is an open door here.
As you open the door, it creaks loudly! 4tharraofdagon's ghost hits you!
* * * LOW HITPOINT WARNING * * *
Found an orcish dagger.
Unknown command.
There is an open door here.
Drink which item? (? for menu, Esc to quit)
You feel better. 4tharraofdagon's ghost hits you but does no damage.
Unknown command. 4tharraofdagon's ghost says, "You will never get the ORB!"
You open the door. 4tharraofdagon's ghost hits you!
You die...

#..........##...........#
+..........##...........#
#..........###########'##
#..........# ##.#
##+######### #o.# #.##
#####+### #.# ........#
######'#### ........#
#@p.ro....# ........#
#.'.........# ........#
....#.......).# ........+
######.........#
........# ######+####
#####'### #..## ##..###
##...#


You could see 4tharraofdagon's ghost, an orc and a rat.

Vanquished Creatures
  Jessica (D:3)
  A hound skeleton (D:4)
  A gnoll (D:1)
  A giant eyeball (D:4)
  2 giant geckos (D:1)
  3 orcs (D:3)
  5 bats
  A giant cockroach (D:2)
  4 goblins
  7 hobgoblins
  4 jackals (D:1)
  6 kobolds
  A quokka (D:4)
  2 giant newts
  A rat (D:1)
40 creatures vanquished.

Notes
Turn   | Place    | Note
--------------------------------------------------------------
     0 | D:1      | 4tharraofdagon, the Centaur Gladiator, began the quest for the Orb.
     0 | D:1      | Reached XP level 1. HP: 17/17 MP: 1/1
    96 | D:1      | Reached skill level 3 in Polearms
    96 | D:1      | Reached XP level 2. HP: 16/24 MP: 2/2
   268 | D:1      | Reached XP level 3. HP: 27/30 MP: 3/3
   501 | D:2      | Found a blossoming altar of Fedhas.
   569 | D:3      | Noticed 4tharraofdagon's ghost (weakling CeGl)
   588 | D:4      | Found Umylas' Jewellery Emporium.
   634 | D:4      | Noticed shugdite's ghost (weakling MiFi)
   634 | D:4      | Noticed an ogre
   644 | D:4      | Paralysed by a giant eyeball for 2 turns
   651 | D:4      | Paralysed by a giant eyeball for 4 turns
   715 | D:4      | Reached skill level 1 in Armour
   726 | D:4      | Found Mavekh's Antique Weapon Shoppe.
   963 | D:3      | Reached XP level 4. HP: 29/37 MP: 3/3
  1005 | D:3      | Noticed Jessica
  1019 | D:3      | Killed Jessica
  1127 | D:3      | Slain by 4tharraofdagon's ghost

Action                   |  1- 3 |  4- 6 || total
-------------------------+-------+-------++-------
Melee: Trident           |    94 |    19 ||   113
Throw: Throwing net      |       |     1 ||     1
  Use: Potion            |     2 |     2 ||     4
 Stab: Held in net/web   |       |     1 ||     1
